[Event "*** Titled Tuesday Blitz"]
[Site "Chess.com"]
[Date "2019.05.07"]
[Round "4"]
[White "SwamiChaturanga"]
[Black "AlexZambrano"]
[Result "0-1"]
[WhiteElo "2065"]
[BlackElo "2257"]
[TimeControl "180+2"]
[EndTime "13:53:10 PDT"]
[Termination "AlexZambrano won by resignation"]

1. d4 Nf6 2. c4 g6 3. Nc3 d5 4. Bg5 Bg7 5. Bxf6 Bxf6 6. cxd5 c5 7. Nf3 cxd4 8. Nxd4 O-O 9. e4 Qb6 10. Nb3 Qb4 11.
Qd3 Na6 12. Qc4 Qd6 13. Be2 Bd7 14. O-O Rac8 15. Qd3 Nb4 16. Qd2 Qb6 17. Kh1 Nxa2 18.
Rxa2 Qxb3 19. Rxa7 Ra8 20. Rfa1 Rxa7 21. Rxa7 Qb6 22.
Qe3 Bd4 23. Qg5 Qxa7 24. Qxe7 Bxc3 0-1

[Event "*** Titled Tuesday Blitz"]
[Site "Chess.com"]
[Date "2019.05.07"]
[Round "4"]
[White "jacky72"]
[Black "GCamachoMartinez"]
[Result "1-0"]
[WhiteElo "2627"]
[BlackElo "2355"]
[TimeControl "180+2"]
[EndTime "13:53:15 PDT"]
[Termination "jacky72 won on time"]

1. b3 b6 2. Bb2 Bb7 3. e3 Nf6 4. Nf3 e6 5. Be2 Be7 6. O-O O-O 7. d4 d6 8. c4 Nbd7 9. Nc3 a6 10. Bd3 c5 11.
Re1 Qc7 12. e4 cxd4 13. Nxd4 Rac8 14. Rc1 Rfd8 15. Bb1 Qb8 16. h3 Qa8 17. Qc2 Nc5 18. f4 e5 19. Nf5 Bf8 20. Nd5 Bxd5 21. exd5 Ncd7 22. fxe5 Nxe5 23. Nxd6 Bxd6 24. Bxe5 Bxe5 25. Rxe5 b5 26. Rf1 Qa7+ 27. Kh1 Qd4 28. Ree1 Rxd5 29.
Rxf6 1-0

[Event "*** Titled Tuesday Blitz"]
[Site "Chess.com"]
[Date "2019.05.07"]
[Round "4"]
[White "VeraNebolsina"]
[Black "northridgehawk"]
[Result "1-0"]
[WhiteElo "2365"]
[BlackElo "2253"]
[TimeControl "180+2"]
[EndTime "13:53:16 PDT"]
[Termination "VeraNebolsina won by resignation"]

1. e4 e5 2. Nf3 Nc6 3. Bb5 a6 4. Ba4 Nf6 5. O-O b5 6. Bb3 Bc5 7. c3 d6 8. d4 Bb6 9. h3 Bb7 10.
Re1 O-O 11. Be3 Re8 12. d5 Ne7 13. Bxb6 cxb6 14. Nbd2 Ng6 15. g3 Qd7 16. Kh2 Nh5 17. Ng1 Nhf4 18. gxf4 Nxf4 19. Qg4 Qe7 20. Ndf3 Bc8 21. Qh4 f6 22. Re3 h5 23. Qg3 g5 24.
Nh4 Qh7 25. Nf5 Bxf5 26. exf5 Qxf5 27. Ne2 Kg7 28. Rc1 Kh6 29. Bc2 Qd7 30. Qf3 f5 31. Nxf4 exf4 32. Re6+ Rxe6 33. dxe6 Qc7 34. Qxa8 1-0

[Event "*** Titled Tuesday Blitz"]
[Site "Chess.com"]
[Date "2019.05.07"]
[Round "4"]
[White "mikhaillushenkov"]
[Black "Gentlejimmy7"]
[Result "1/2-1/2"]
[WhiteElo "2752"]
[BlackElo "2456"]
[TimeControl "180+2"]
[EndTime "13:53:18 PDT"]
[Termination "Game drawn by agreement"]

1. Nf3 Nf6 2. c4 g6 3. b3 Bg7 4.
Bb2 O-O 5. g3 c5 6. Bg2 d5 7. cxd5 Qxd5 8. O-O Nc6 9. d4 Qh5 10.
dxc5 Qxc5 11. Nbd2 Rd8 12. Qc1 Qxc1 13. Raxc1 Bf5 14.
Nc4 Ne4 15. Bxg7 Kxg7 16. Nh4 Nd2 17. Nxf5+ gxf5 18. Rfe1 Nxc4 19. Rxc4 Rac8 20. Bxc6 Rxc6 21. Rxc6 bxc6 22. Rc1 Rd2 23. a4 Rxe2 24. Rxc6 Rb2 25. Rc7 e6 26. Rxa7 Rxb3 27. a5 Ra3 28. a6 h5 29. h4 f4 1/2-1/2

[Event "*** Titled Tuesday Blitz"]
[Site "Chess.com"]
[Date "2019.05.07"]
[Round "4"]
[White "korason34"]
[Black "DoHoChess"]
[Result "1-0"]
[WhiteElo "2590"]
[BlackElo "2532"]
[TimeControl "180+2"]
[EndTime "13:53:31 PDT"]
[Termination "korason34 won by resignation"]

1. e4 c5 2. Nf3 e6 3. d4 cxd4 4. Nxd4 Nc6 5. Nc3 Qc7 6. g3 a6 7.
Bg2 h5 8. O-O Nf6 9. h3 Bc5 10.
Nxc6 dxc6 11. e5 Qxe5 12. Bf4 Qd4 13. Qe2 Qd8 14. Rad1 Bd7 15. Be5 Qe7 16. Na4 Nd5 17.
c4 Nf6 18. Rd3 Kf8 19. Nxc5 Qxc5 20. Bd6+ 1-0

[Event "*** Titled Tuesday Blitz"]
[Site "Chess.com"]
[Date "2019.05.07"]
[Round "4"]
[White "RzayevB"]
[Black "Marcus_Harvey"]
[Result "1-0"]
[WhiteElo "2707"]
[BlackElo "2644"]
[TimeControl "180+2"]
[EndTime "13:53:36 PDT"]
[Termination "RzayevB won by resignation"]

1. e4 e6 2. b3 d5 3. Bb2 dxe4 4. Nc3 Nf6 5. Qe2 Bb4 6. O-O-O Qe7 7. Kb1 Ba3 8. Ba1 Nc6 9. Nxe4 Nxe4 10. Qxe4 e5 11. Nf3 f6 12. Bb5 Bd7 13. d4 exd4 14. Qxe7+ Nxe7 15.
Bxd7+ Kxd7 16. Nxd4 Bd6 17. Rhe1 Rhe8 18. c4 b6 19. g4 Nc6 20. Nf5 Rxe1 21. Rxe1 Rg8 22. h4 Be5 23. Rd1+ Ke6 24. Re1 Kd7 25. Kc2 g6 26.
Ne3 Nd4+ 27. Bxd4 Bxd4 28. Nd5 c6 29. Rd1 c5 30. Nxf6+ 1-0

[Event "*** Titled Tuesday Blitz"]
[Site "Chess.com"]
[Date "2019.05.07"]
[Round "4"]
[White "ChessWeebs"]
[Black "albi1999"]
[Result "0-1"]
[WhiteElo "2759"]
[BlackElo "2538"]
[TimeControl "180+2"]
[EndTime "13:53:46 PDT"]
[Termination "albi1999 won by resignation"]

1. Nf3 d5 2. d4 Nf6 3. g3 e6 4.
Bg2 c5 5. O-O Nc6 6. b3 cxd4 7.
Nxd4 Bc5 8. e3 O-O 9. Bb2 Re8 10. Nd2 e5 11. Nxc6 bxc6 12. c4 Bf5 13. Rc1 Rc8 14.
Nf3 Bd6 15. Qe2 Be4 16. Rfd1 Qe7 17. Bh3 Rcd8 18. Nh4 Ba3 19. Nf5 Bxf5 20. Bxf5 Bxb2 21. Qxb2 d4 22. exd4 exd4 23. Rxd4 Qe5 24. Bxh7+ Kxh7 25. Rcd1 Rxd4 26. Qxd4 Qxd4 27. Rxd4 Re2 28. a4 Rb2 29.
Rd3 a5 30. f3 Kg6 31. h4 Kf5 32. Rd6 Ke5 33. Rxc6 Kd4 34. Ra6 Ke3 35. Rxa5 Kxf3 36. Rg5 Rb1+ 0-1

[Event "*** Titled Tuesday Blitz"]
[Site "Chess.com"]
[Date "2019.05.07"]
[Round "4"]
[White "Vamostodorecto"]
[Black "jncool68"]
[Result "0-1"]
[WhiteElo "2412"]
[BlackElo "2606"]
[TimeControl "180+2"]
[EndTime "13:53:47 PDT"]
[Termination "jncool68 won by resignation"]

1. d4 Nf6 2. c4 e6 3. Nc3 Bb4 4. a3 Bxc3+ 5. bxc3 O-O 6. e3 c5 7. Bd3 Nc6 8. Ne2 d6 9. e4 e5 10. d5 Ne7 11. f4 exf4 12. Nxf4 Ng4 13. O-O Ne5 14.
Be2 N7g6 15. Rb1 b6 16. Be3 Re8 17. Nh5 Qh4 18. Ng3 Bg4 19. Qd2 Bxe2 20. Qxe2 Ng4 21. h3 Qxg3 22. hxg4 Rxe4 23. Rf3 Qxg4 24. Qf2 Rae8 25.
Rf1 f6 26. a4 Rxc4 27. a5 Rxc3 28. axb6 axb6 29. Rg3 Qe4 30. Rf3 Rxe3 0-1

[Event "*** Titled Tuesday Blitz"]
[Site "Chess.com"]
[Date "2019.05.07"]
[Round "4"]
[White "gemarin"]
[Black "MateusViageiro"]
[Result "1-0"]
[WhiteElo "2096"]
[BlackElo "2166"]
[TimeControl "180+2"]
[EndTime "13:53:52 PDT"]
[Termination "gemarin won on time"]

1. d4 Nf6 2. c4 e6 3. Nf3 Bb4+ 4. Bd2 Be7 5. Nc3 d5 6. Bg5 O-O 7. e3 Nbd7 8. Be2 b6 9. cxd5 exd5 10. O-O Bb7 11. Qa4 a6 12. b4 c5 13. bxc5 bxc5 14.
Rab1 Qc8 15. Rfc1 Bc6 16. Qa3 Qe8 17. dxc5 Bxc5 18. Qa5 Qd8 19. Qxd8 Rfxd8 20. Bxf6 1-0

[Event "*** Titled Tuesday Blitz"]
[Site "Chess.com"]
[Date "2019.05.07"]
[Round "4"]
[White "mjray79"]
[Black "MathiasWomacka"]
[Result "0-1"]
[WhiteElo "2123"]
[BlackElo "2234"]
[TimeControl "180+2"]
[EndTime "13:53:52 PDT"]
[Termination "MathiasWomacka won by checkmate"]

1. d4 Nf6 2. c4 e6 3. Nc3 Bb4 4. e3 c5 5. Ne2 cxd4 6. exd4 O-O 7. a3 Be7 8. Nf4 Re8 9. Be2 d5 10. cxd5 Nxd5 11. Nfxd5 exd5 12. O-O Nc6 13. Bf3 Be6 14. Be3 Bg5 15. Qb3 Na5 16. Qb5 Bxe3 17. fxe3 a6 18.
Qa4 Nc4 19. Rae1 Nxb2 20. Qb3 Nc4 21. Qxb7 Nxa3 22. Nxd5 Qd6 23. Nc7 Reb8 24. Qxa8 Rxa8 25. Nxa8 Nc4 26. Kf2 Nd2 27. d5 Nxf3 28. gxf3 Qxh2# 0-1

[Event "*** Titled Tuesday Blitz"]
[Site "Chess.com"]
[Date "2019.05.07"]
[Round "4"]
[White "rasmussvane"]
[Black "Iball95"]
[Result "1-0"]
[WhiteElo "2802"]
[BlackElo "2602"]
[TimeControl "180+2"]
[EndTime "13:53:59 PDT"]
[Termination "rasmussvane won by checkmate"]

1. Nf3 Nc6 2. d4 d6 3. e4 Nf6 4.
Nc3 g6 5. Be3 Bg7 6. Qd2 Ng4 7.
Bg5 h6 8. Bh4 g5 9. Bg3 e5 10.
d5 Ne7 11. h4 gxh4 12. Nxh4 Ng6 13. Be2 Nxh4 14. Rxh4 Bf6 15. Rxg4 Bxg4 16. Bxg4 h5 17. Bf5 h4 18. Bh2 Bg5 19. Qe2 a6 20. Rd1 Qf6 21. Rd3 Ke7 22. Rf3 Qh6 23. Qc4 Kd8 24. Qa4 Bd2+ 25.
Kf1 b5 26. Nxb5 Ba5 27. Nc3 Qc1+ 28. Ke2 Ke7 29. Qxa5 Qxc2+ 30. Ke1 Qc1+ 31. Nd1 h3 32. Bxh3 Rab8 33. Rc3 Rxh3 34. Rxc1 Rxh2 35. Qxc7+ Kf6 36.
Qxd6+ Kg5 37. Qxe5+ Kg4 38. Qg3+ Kh5 39. Qxh2+ Kg4 40.
Ne3+ Kg5 41. Qe5+ f5 42. Qxf5+ Kh4 43. Qg4# 1-0

[Event "*** Titled Tuesday Blitz"]
[Site "Chess.com"]
[Date "2019.05.07"]
[Round "4"]
[White "Szparu"]
[Black "monalize"]
[Result "1-0"]
[WhiteElo "2514"]
[BlackElo "2329"]
[TimeControl "180+2"]
[EndTime "13:53:59 PDT"]
[Termination "Szparu won by resignation"]

1. e4 c5 2. Nf3 d6 3. d4 cxd4 4. Qxd4 Nc6 5. Bb5 Bd7 6. Bxc6 Bxc6 7. Nc3 e6 8. Bg5 Qa5 9. O-O-O h6 10. Bd2 Qc7 11. Qd3 Nf6 12. Nd4 Be7 13. f4 a6 14.
g4 Nxg4 15. Qg3 Nf6 16. Rde1 g6 17. h4 h5 18. Rhf1 O-O-O 19. f5 gxf5 20. exf5 e5 21. Nxc6 Qxc6 22. Bg5 Ng8 23. f6 Bf8 24. Rd1 Nh6 25. Nd5 Kb8 26. Rf3 Ng4 27. Rc3 Qd7 28. Rc7 Qb5 29.
Rxf7 Bh6 30. Kb1 Rc8 31. Qb3 Nf2 32. Qxb5 axb5 33. Re1 Rcg8 34. Ne7 Rd8 35. Ng6 Bxg5 36. Nxh8 Bxh4 37. Ng6 Bg3 38. Rh7 Ne4 39. Rxe4 1-0

[Event "*** Titled Tuesday Blitz"]
[Site "Chess.com"]
[Date "2019.05.07"]
[Round "4"]
[White "Komissarov_alex"]
[Black "H3nriqueTV"]
[Result "1-0"]
[WhiteElo "2120"]
[BlackElo "1994"]
[TimeControl "180+2"]
[EndTime "13:53:59 PDT"]
[Termination "Komissarov_alex won by resignation"]

1. d4 d5 2. Nf3 c6 3. e3 Nf6 4.
Nbd2 g6 5. Bd3 Bg7 6. O-O O-O 7.
e4 dxe4 8. Nxe4 Nbd7 9. c3 Nxe4 10. Bxe4 Nf6 11. Bc2 b6 12. Ne5 Bb7 13. Qf3 Qc7 14. Bf4 Qc8 15. Qe2 Nd5 16. Bg3 e6 17. c4 Nf6 18. Bb3 c5 19. Rfd1 cxd4 20. Rxd4 Nh5 21. Rd6 Nxg3 22. hxg3 Qc5 23. Rd7 Bc8 24. Rxf7 Qxe5 25.
Rxf8+ Bxf8 26. Qxe5 1-0

[Event "*** Titled Tuesday Blitz"]
[Site "Chess.com"]
[Date "2019.05.07"]
[Round "4"]
[White "MatthewG-p4p"]
[Black "Indianlad"]
[Result "0-1"]
[WhiteElo "2695"]
[BlackElo "2902"]
[TimeControl "180+2"]
[EndTime "13:54:05 PDT"]
[Termination "Indianlad won by resignation"]

1. c4 e5 2. g3 Nc6 3. Bg2 Bc5 4.
Nc3 d6 5. d3 a6 6. e3 Ba7 7.
Nge2 Nf6 8. O-O h5 9. h4 Ng4 10.
d4 g5 11. f3 Nh6 12. hxg5 Qxg5 13. f4 Qg7 14. fxe5 dxe5 15. Nd5 f5 16. dxe5 Nxe5 17.
Nd4 c6 18. Nf4 Qxg3 19. Nxh5 Qh4 20. Rf4 Qg5 21. e4 Neg4 22. Rxf5 Nxf5 23. Bxg5 Bxd4+ 24. Qxd4 Nxd4 25. Nf6+ Nxf6 26. Bxf6 Rg8 27. Bxd4 Bh3 0-1

[Event "*** Titled Tuesday Blitz"]
[Site "Chess.com"]
[Date "2019.05.07"]
[Round "4"]
[White "Hikaru"]
[Black "JonasHilwerda"]
[Result "1-0"]
[WhiteElo "3205"]
[BlackElo "2243"]
[TimeControl "180+2"]
[EndTime "13:54:05 PDT"]
[Termination "Hikaru won by resignation"]

1. e4 e5 2. Nf3 Nc6 3. Bc4 Nf6 4. d3 h6 5. Nc3 d6 6. h3 g5 7. Nd5 Bg7 8. c3 O-O 9. Nxg5 Nxd5 10. exd5 Ne7 11. Nf3 Ng6 12. Be3 f5 13. Qc2 Qf6 14. O-O-O Bd7 15. Kb1 a5 16. a4 Rab8 17. Bb5 c6 18.
Bc4 c5 19. Bb5 Bxb5 20. axb5 Kh7 21. g4 fxg4 22. Nd2 g3 23. fxg3 Qe7 24. Ne4 Rf3 25.
Qe2 Rbf8 26. Rhf1 R3f7 27. c4 b6 28. Rxf7 Rxf7 29. Qh5 Rf8 30. Ng5+ Kg8 31. Ne6 Rf6 32. Bxh6 Bxh6 33. Qxh6 Qf7 34. Ka2 Nf4 35. Qg5+ Rg6 36. Qd8+ Kh7 37. gxf4 1-0

[Event "*** Titled Tuesday Blitz"]
[Site "Chess.com"]
[Date "2019.05.07"]
[Round "4"]
[White "volcanoexplorer"]
[Black "pedromartinez91"]
[Result "0-1"]
[WhiteElo "2613"]
[BlackElo "2520"]
[TimeControl "180+2"]
[EndTime "13:54:05 PDT"]
[Termination "pedromartinez91 won on time"]

1. e4 c5 2. Nf3 Nc6 3. d4 cxd4 4. Nxd4 g6 5. Nc3 Bg7 6. Be3 Nf6 7. Bc4 O-O 8. Bb3 a5 9. O-O Nxd4 10. Bxd4 d6 11. h3 Bd7 12. Re1 a4 13. Bc4 Rc8 14. Bf1 a3 15.
Rb1 axb2 16. Qd3 Qa5 17. e5 dxe5 18. Rxe5 Qb4 19. Nd1 Bf5 20. Rxf5 gxf5 21. Rxb2 Qd6 22. Ne3 e6 23. Rxb7 Rfd8 24. c3 f4 25. Bxf6 Qxd3 26. Bxd3 Rxd3 27. Bxg7 fxe3 0-1

[Event "*** Titled Tuesday Blitz"]
[Site "Chess.com"]
[Date "2019.05.07"]
[Round "4"]
[White "Satscho"]
[Black "Alex_Terzi"]
[Result "0-1"]
[WhiteElo "2292"]
[BlackElo "2494"]
[TimeControl "180+2"]
[EndTime "13:54:15 PDT"]
[Termination "Alex_Terzi won by resignation"]

1. e4 e6 2. d4 d5 3. exd5 exd5 4. Nf3 Bd6 5. c4 Nf6 6. Be2 dxc4 7. Bxc4 O-O 8. O-O Nbd7 9. Nc3 Nb6 10. Bb3 c6 11. Bg5 Bg4 12. Qd3 Bh5 13. Rfe1 Bg6 14. Qd2 Bc7 15.
Rad1 Qd6 16. Ne5 Nfd5 17. Bh4 f6 18. Nf3 Qd7 19. Bg3 Bxg3 20. hxg3 Rfe8 21. a4 Bf7 22. a5 Rxe1+ 23. Rxe1 Nc8 24. Nxd5 cxd5 25. Qe3 Nd6 26. Qe7 Rd8 27. Nd2 Qc8 28. Qe3 Re8 0-1

[Event "*** Titled Tuesday Blitz"]
[Site "Chess.com"]
[Date "2019.05.07"]
[Round "4"]
[White "DanielNaroditsky"]
[Black "Casper_Schoppen"]
[Result "1-0"]
[WhiteElo "3123"]
[BlackElo "2577"]
[TimeControl "180+2"]
[EndTime "13:54:17 PDT"]
[Termination "DanielNaroditsky won by resignation"]

1. d4 Nf6 2. Nc3 d5 3. Bf4 e6 4.
e3 a6 5. g4 c5 6. g5 Nfd7 7.
Nf3 Nc6 8. h4 b5 9. e4 Nxd4 10.
Nxd4 cxd4 11. Qxd4 Bb7 12. exd5 e5 13. Bxe5 Bc5 14. Qe4 O-O 15. Bd3 g6 16. O-O-O Nxe5 17. Qxe5 Re8 18. Qf4 Bd6 19. Qg4 Bc8 20. Qg2 Be5 21.
h5 Bf4+ 22. Kb1 Qxg5 23. Qf1 Bf5 24. hxg6 hxg6 25. d6 Rad8 26. Nd5 Bxd3 27. Qxd3 Rxd6 28. Qh3 Be5 29. f4 Qh5 30. Qxh5 gxh5 31. fxe5 Rxe5 32. Ne7+ Rxe7 33. Rxd6 1-0

[Event "*** Titled Tuesday Blitz"]
[Site "Chess.com"]
[Date "2019.05.07"]
[Round "4"]
[White "rookoco"]
[Black "Rodalquilar"]
[Result "1-0"]
[WhiteElo "2763"]
[BlackElo "2552"]
[TimeControl "180+2"]
[EndTime "13:54:17 PDT"]
[Termination "rookoco won by resignation"]

1. e4 Nf6 2. e5 Nd5 3. d4 d6 4. Nf3 dxe5 5. Nxe5 c6 6. Be2 Bf5 7. O-O Nd7 8. Nf3 e6 9. a3 h6 10. c4 N5f6 11. Nc3 Be7 12. Bf4 O-O 13. h3 Ne4 14. Rc1 a5 15. Re1 Bd6 16. Bxd6 Nxd6 17. Bf1 Bh7 18.
d5 exd5 19. cxd5 c5 20. Nd2 Nb6 21. Qf3 Rc8 22. Re5 Nd7 23. Re3 Qb6 24. b3 Nf5 25. Ree1 Nd4 26. Qg4 Nf6 27. Qg3 Nxb3 28. Na4 Qd8 29.
Qxb3 Qxd5 30. Qxd5 Nxd5 31. Rxc5 Rcd8 32. Rxa5 b6 33.
Ra7 Ra8 34. Rxa8 Rxa8 35. Bb5 Nc7 36. Bc6 Rd8 37. Nf3 Bc2 38. Nxb6 Rd6 39. Ne5 f6 40. Nc8 Re6 41. Nf3 Kf7 42. Rxe6 Kxe6 43. Nd4+ 1-0

[Event "*** Titled Tuesday Blitz"]
[Site "Chess.com"]
[Date "2019.05.07"]
[Round "4"]
[White "Matibar"]
[Black "biostatistician"]
[Result "1-0"]
[WhiteElo "2740"]
[BlackElo "2521"]
[TimeControl "180+2"]
[EndTime "13:54:18 PDT"]
[Termination "Matibar won by resignation"]

1. e4 e6 2. d4 d5 3. Nc3 Nc6 4. Nf3 Nf6 5. e5 Ne4 6. Ne2 f6 7. exf6 Qxf6 8. Ng3 Bd6 9. Bd3 Nxg3 10. hxg3 g6 11.
Bg5 Qg7 12. c3 e5 13. dxe5 Nxe5 14. Bb5+ c6 15. Qxd5 Nf7 16. Bxc6+ Bd7 17. Bxd7+ Kxd7 18. Qxb7+ Ke6 19. Qe4+ Kd7 20. Qa4+ Kc7 21. Qa5+ Kb7 22. Qb5+ Kc7 23. Qa5+ Kb7 24. Be3 Rhe8 25. Qb5+ Kc7 26. Qc4+ Kb7 27. Qd5+ Kc7 28. O-O Qf6 29. Nd4 Re5 30.
Qxa8 1-0

[Event "*** Titled Tuesday Blitz"]
[Site "Chess.com"]
[Date "2019.05.07"]
[Round "4"]
[White "BvsN"]
[Black "Eliwood44"]
[Result "1-0"]
[WhiteElo "2291"]
[BlackElo "2230"]
[TimeControl "180+2"]
[EndTime "13:54:19 PDT"]
[Termination "BvsN won by checkmate"]

1. d4 Nf6 2. c4 e6 3. Nc3 d5 4. cxd5 exd5 5. Bg5 Nbd7 6. e3 c6 7. Bd3 h6 8. Bh4 Be7 9. Nge2 Nh5 10.
Bxe7 Qxe7 11. Qc2 Nb6 12. h3 Bd7 13. O-O-O O-O-O 14. Kb1 Kb8 15. Nc1 Rc8 16. Nb3 Nf6 17.
Nc5 Be8 18. Qb3 Nfd7 19. N3a4 Nxc5 20. Nxc5 Ka8 21. a4 Rb8 22. a5 Nd7 23. Na4 Qd8 24.
Qb4 g6 25. Kc2 Rc8 26. Kd2 Qh4 27. g3 Qf6 28. Ke2 Qd8 29. Ra1 f5 30. Nb6+ Nxb6 31. axb6 a6 32. Bxa6 bxa6 33. b7+ Ka7 34. b8=Q+ Rxb8 35.
Rxa6+ Kxa6 36. Ra1+ Qa5 37. Rxa5# 1-0

[Event "*** Titled Tuesday Blitz"]
[Site "Chess.com"]
[Date "2019.05.07"]
[Round "4"]
[White "mouseWLZ"]
[Black "dsanchez1973"]
[Result "1-0"]
[WhiteElo "2612"]
[BlackElo "2052"]
[TimeControl "180+2"]
[EndTime "13:54:27 PDT"]
[Termination "mouseWLZ won by resignation"]

1. d4 d5 2. Bf4 c6 3. e3 Nd7 4.
Nd2 g6 5. Ngf3 Bg7 6. Be2 Nh6 7. O-O O-O 8. c4 e6 9. Rc1 Nf5 10. b4 h6 11. b5 g5 12. Bg3 Nxg3 13. hxg3 Nb6 14. a4 cxb5 15. cxd5 Nxd5 16. axb5 b6 17. Nc4 Bd7 18. Nce5 Rc8 19. Qb3 Qe7 20. Nc6 Bxc6 21.
bxc6 Rc7 22. Ba6 Qb4 23. Qd3 Qd6 24. Bb7 f5 25. Rfe1 a5 26. e4 Nb4 27. Qb5 Bxd4 28. Red1 e5 29. Nxd4 exd4 30. e5 Qd5 31. Qxb6 Qxe5 32.
Rxd4 Rff7 33. Rd8+ Kg7 34. Ra8 Qb2 35. Rd1 Qc2 36. Rd6 Nd3 37. Qd4+ 1-0

[Event "*** Titled Tuesday Blitz"]
[Site "Chess.com"]
[Date "2019.05.07"]
[Round "4"]
[White "saraswathii"]
[Black "muran29"]
[Result "1-0"]
[WhiteElo "2286"]
[BlackElo "2415"]
[TimeControl "180+2"]
[EndTime "13:54:39 PDT"]
[Termination "saraswathii won by checkmate"]

1. e4 e5 2. d3 Nc6 3. Nf3 Nf6 4.
g3 Bc5 5. Bg2 O-O 6. O-O d6 7.
c3 Bb6 8. Na3 a6 9. Nc4 Ba7 10. Be3 Bxe3 11. Nxe3 Re8 12. Nh4 Ne7 13. d4 Ng6 14. Nxg6 hxg6 15. d5 Bd7 16. Qc2 Qe7 17. Rfe1 Ng4 18. Nxg4 Bxg4 19. c4 b6 20. b4 a5 21. a3 Bd7 22. Rac1 axb4 23. axb4 Ra4 24.
Qc3 Rea8 25. c5 Ra3 26. Qc2 Ba4 27. Qb2 Rb3 28. Qd2 dxc5 29. bxc5 bxc5 30. Ra1 Rb4 31.
Rec1 Rab8 32. Qc3 c4 33. Bf1 Bb3 34. Ra5 Qd6 35. Rb1 R4b5 36. Rxb5 Rxb5 37. Ra1 c6 38. Ra6 Rc5 39. g4 Qd7 40. Ra8+ Kh7 41. Qh3# 1-0

[Event "*** Titled Tuesday Blitz"]
[Site "Chess.com"]
[Date "2019.05.07"]
[Round "4"]
[White "nitpicker"]
[Black "2165149677570"]
[Result "0-1"]
[WhiteElo "2241"]
[BlackElo "2349"]
[TimeControl "180+2"]
[EndTime "13:54:39 PDT"]
[Termination "2165149677570 won by resignation"]

1. d4 Nf6 2. c4 e6 3. g3 c5 4. d5 exd5 5. cxd5 b5 6. Bg2 d6 7. Nd2 g6 8. a4 b4 9. e4 Bg7 10. Ne2 O-O 11. O-O a5 12. Rb1 Ba6 13. b3 Bd3 14. Rb2 Re8 15. f3 Nxd5 16. Nc4 Bxe2 17.
Qxe2 Bd4+ 18. Kh1 Nc3 19. Qd3 Nc6 20. f4 Rc8 21. Be3 Bxe3 22. Nxe3 Nd4 23. f5 Qe7 24. f6 Qe6 25. Rf4 Nxb3 26. Rh4 c4 27. Bh3 cxd3 28. Bxe6 Rxe6 29. Rxb3 d2 0-1

[Event "*** Titled Tuesday Blitz"]
[Site "Chess.com"]
[Date "2019.05.07"]
[Round "4"]
[White "aa175"]
[Black "CarrotsandPizza"]
[Result "0-1"]
[WhiteElo "1965"]
[BlackElo "1998"]
[TimeControl "180+2"]
[EndTime "13:54:44 PDT"]
[Termination "CarrotsandPizza won by checkmate"]

1. e4 c5 2. Nf3 Qb6 3. Nc3 Nc6 4. Bc4 e6 5. O-O a6 6. a4 d6 7. d3 Be7 8. Be3 Qxb2 9. Qd2 Qb6 10. Rfb1 Qc7 11. Ne2 Nf6 12. Qc3 d5 13. Bf4 Qd8 14.
exd5 exd5 15. Ba2 O-O 16. Ng3 h6 17. Ne5 Nd4 18. Be3 Ne6 19. Bd2 Nd4 20. Bb3 Bd6 21. f4 h5 22. Be3 h4 23. Bxd4 cxd4 24. Qxd4 hxg3 25. hxg3 Re8 26. Bxd5 Bxe5 27. Bxf7+ Kxf7 28. Qxd8 Rxd8 29. fxe5 Ng4 30. Rf1+ Kg6 31. Rae1 Be6 32.
Rf4 Rac8 33. Rb4 Rxc2 34. Rxb7 Rc6 35. Rb4 Rxd3 36. Rf4 Rxg3 37. Ref1 Rc2 38. Kh1 Rgxg2 39. Rxg4+ Rxg4 40. a5 Bd5+ 41. Rf3 Bxf3# 0-1

[Event "*** Titled Tuesday Blitz"]
[Site "Chess.com"]
[Date "2019.05.07"]
[Round "4"]
[White "Gubajdullin"]
[Black "kleinebeer98"]
[Result "1-0"]
[WhiteElo "2549"]
[BlackElo "2697"]
[TimeControl "180+2"]
[EndTime "13:54:45 PDT"]
[Termination "Gubajdullin won by checkmate"]

1. d4 d5 2. Bf4 c5 3. e3 cxd4 4. exd4 Nc6 5. c3 f6 6. Nf3 g5 7. Bg3 Bg7 8. Bd3 h5 9. Bg6+ Kf8 10. h4 g4 11. Ng1 Rh6 12. Bc2 e5 13. Ne2 Nge7 14.
Nd2 Nf5 15. Nf1 Qb6 16. dxe5 fxe5 17. Bb3 Be6 18. Qd2 Rf6 19. Ne3 Bh6 20. Rf1 d4 21. Bxe6 Rxe6 22. Qc2 dxe3 23. Qxf5+ Ke7 24. Qh7+ Kd6 25.
Rd1+ Kc5 26. Qd7 Ne7 27. b4+ Kc4 28. Qd3# 1-0

[Event "*** Titled Tuesday Blitz"]
[Site "Chess.com"]
[Date "2019.05.07"]
[Round "4"]
[White "j_coca"]
[Black "Jenia84"]
[Result "0-1"]
[WhiteElo "2073"]
[BlackElo "2250"]
[TimeControl "180+2"]
[EndTime "13:54:48 PDT"]
[Termination "Jenia84 won by resignation"]

1. f4 g6 2. Nf3 Bg7 3. e3 b6 4.
d4 Bb7 5. Bd3 f5 6. O-O Nf6 7.
c3 O-O 8. Nbd2 d6 9. Ng5 Qd7 10. Qb3+ Bd5 11. c4 Bb7 12. d5 Na6 13. Qc2 Nc5 14.
b4 Nxd3 15. Rb1 Nxc1 16. Rbxc1 c6 17. Ne6 Rfc8 18. Nxg7 Kxg7 19. dxc6 Bxc6 20. Rfe1 Qb7 21. Nb3 a5 22. bxa5 bxa5 23. Nd4 Be4 24. Qf2 e5 25. fxe5 dxe5 26. Ne6+ Kg8 27. Ng5 Ng4 28. Qg3 Bd3 29. h3 Nh6 30. Qxe5 Nf7 31. Nxf7 Qxf7 32. c5 Be4 33. a3 Qd5 34. Qxd5+ Bxd5 35. Red1 Be4 36. Rd6 Ra7 37. g4 Rac7 38. gxf5 Bxf5 39. Rd5 Bxh3 40.
e4 Bd7 41. Kf2 Bc6 42. Re5 Re8 43. Rxe8+ Bxe8 0-1

[Event "*** Titled Tuesday Blitz"]
[Site "Chess.com"]
[Date "2019.05.07"]
[Round "4"]
[White "platy3"]
[Black "enriquetejedor"]
[Result "1-0"]
[WhiteElo "2768"]
[BlackElo "2588"]
[TimeControl "180+2"]
[EndTime "13:54:49 PDT"]
[Termination "platy3 won by resignation"]

1. e4 c5 2. Nf3 Nc6 3. d4 cxd4 4. Nxd4 e5 5. Nb5 a6 6. Nd6+ Bxd6 7. Qxd6 Qf6 8. Qxf6 Nxf6 9. Nc3 d5 10. exd5 Nb4 11.
Bd3 Nxd3+ 12. cxd3 Bf5 13. Bg5 Nd7 14. O-O-O f6 15.
Be3 O-O-O 16. f3 Kc7 17. d4 Rhe8 18. h4 exd4 19. Bxd4 Nb6 20. Rhe1 Rxe1 21. Bxb6+ Kxb6 22. Rxe1 Kc5 23. g4 Bc8 24. Re7 Rd7 25. Re8 Rc7 26. Rd8 Bd7 27. Rg8 Bb5 28. Kd2 Bf1 29. Ke3 b5 30. Rd8 Bc4 31. b3 Bf1 32. Ne4+ Kb4 33. d6 Ra7 34. h5 Bh3 35. Kf4 Ka3 36. h6 Kxa2 37. hxg7 Rxg7 38. Nxf6 Kxb3 39. Ra8 Rf7 40. d7 Rxf6+ 41. Ke5 Rxf3 42. d8=Q Bg2 43. Rxa6 1-0

[Event "*** Titled Tuesday Blitz"]
[Site "Chess.com"]
[Date "2019.05.07"]
[Round "4"]
[White "WorldChampionBulletChess"]
[Black "Roenko_Artur"]
[Result "1-0"]
[WhiteElo "2087"]
[BlackElo "2208"]
[TimeControl "180+2"]
[EndTime "13:54:51 PDT"]
[Termination "WorldChampionBulletChess won by resignation"]

1. d4 d5 2. c4 e6 3. Nf3 c6 4. Nc3 dxc4 5. a4 Bb4 6. e4 b5 7. axb5 cxb5 8. Bd2 Bxc3 9. bxc3 Nf6 10. Bg5 h6 11. Bh4 g5 12. Nxg5 Nxe4 13. Nxe4 Qxh4 14.
Nd6+ Ke7 15. Qf3 Kxd6 16. Qxa8 Nc6 17. Be2 Qe4 18. Kf1 Rg8 19. Bf3 Qd3+ 20. Be2 Qxc3 21. Rd1 a5 22. Bf3 Ne7 23. d5 e5 24. Qa7 a4 25. Qb6+ Kd7 26. d6 Nf5 27. Qc7+ Ke6 28.
Bd5+ Kf6 29. Qxf7+ Kg5 30. Qxg8+ Kf4 31. g3+ 1-0

[Event "*** Titled Tuesday Blitz"]
[Site "Chess.com"]
[Date "2019.05.07"]
[Round "4"]
[White "Sutormin_DA"]
[Black "Koksal06"]
[Result "1-0"]
[WhiteElo "2536"]
[BlackElo "2465"]
[TimeControl "180+2"]
[EndTime "13:55:01 PDT"]
[Termination "Sutormin_DA won by resignation"]

1. e4 e5 2. Nf3 Nc6 3. Bb5 a6 4. Ba4 Nf6 5. O-O Be7 6. Re1 b5 7. Bb3 d6 8. c3 O-O 9. h3 Na5 10.
Bc2 c5 11. d4 Nd7 12. dxe5 dxe5 13. Nbd2 Qc7 14. Nf1 c4 15. Ne3 Nb6 16. Nd5 Nxd5 17. exd5 Bd6 18. b4 Nb7 19. a4 Bd7 20. Ng5 h6 21. Qh5 f5 22. Ne6 Bxe6 23. dxe6 e4 24. axb5 axb5 25. Rxa8 Rxa8 26. Qg6 Rf8 27. g4 Bh2+ 28.
Kg2 Be5 29. gxf5 Bxc3 30. Rxe4 Nd6 31. e7 Re8 32. Bf4 Bxb4 33. Bxd6 Bxd6 34. Qxe8+ 1-0